 Dungeon Crawl Stone Soup version 0.31-a0-995-g04711c9635 (webtiles) character file.

Game seed: 9199348139913627483

82 Dirtsage the Insei (level 4, -9/29 HPs)
             Began as an Octopode Shapeshifter on Nov 6, 2023.
             Killed from afar by Ijyb (13 damage)
             ... with a bolt of acid
             ... on level 3 of the Dungeon.
             The game lasted 00:02:24 (1674 turns).

Dirtsage the Insei (Octopode Shapeshifter)          Turns: 1674, Time: 00:02:25

Health: -9/29      AC: -7    Str: 13    XL:     4   Next: 43%
Magic:  4/4        EV: 13    Int: 12    God:
Gold:   133        SH:  0    Dex: 13    Spells: 3/3 levels left

rFire   . .          .
                       - Unarmed
rCold   . . .        (no shield)
rNeg    . . .        (helmet currently unavailable)
rPois   .            (no amulet)
rElec   .            (no ring)
rCorr   .            (no ring)
SInv    .            (no ring)
Will    .....        (no ring)
Stlth   ++           (no ring)
HPRegen 0.24/turn    (no ring)
MPRegen 0.09/turn    (no ring)
                     (no ring)

%: no passive effects
@: beast-form, corroded
A: beast (slay +2), almost no armour, amphibious, 8 rings, camouflage 1,
gelatinous body 1, (nimble swimmer 1), tentacles
a: Begin Untransformation


You were on level 3 of the Dungeon.
You were a hulking beast.
You visited 1 branch of the dungeon, and saw 3 of its levels.

You collected 133 gold pieces.

Inventory:

Talismans
 b - a beast talisman
 c - a flux talisman
Scrolls
 e - a scroll of revelation {unknown}
 g - a scroll of fear {unknown}
 i - a scroll of silence {unknown}
 j - a scroll of teleportation {unknown}
 k - 3 scrolls of identify {unknown}
 l - a scroll of noise {unknown}
Potions
 a - 2 potions of lignification
 d - a potion of magic {unknown}
 h - 3 potions of attraction {unknown}
 m - a potion of berserk rage {unknown}


   Skills:
 + Level 2.1 Fighting
 - Level 2.0 Dodging
 * Level 4.2 Unarmed Combat
 + Level 3.5 Shapeshifting


You had 3 spell levels left.
You didn't know any spells.
Your spell library contained the following spells:

 Spells                   Type           Power      Damage    Failure   Level
 Call Canine Familiar     Summ           0%         N/A       69%         3
 Sigil of Binding         Hex            0%         N/A       69%         3
 Dimensional Bullseye     Hex/Tloc       0%         N/A       97%         4
 Leda's Liquefaction      Hex/Erth       0%         N/A       97%         4
 Vhi's Electric Charge    Tloc/Air       0%         N/A       97%         4
 Arcjolt                  Conj/Air       0%         1d10      100%        5
 Plasma Beam              Fire/Air       0%         2x1d10    100%        6


Dungeon Overview and Level Annotations

Branches:
Dungeon (3/15)

Altars:

Annotations:
D:3 Cris's ghost, weakling DsCj; Ijyb


Innate Abilities, Weirdness & Mutations

You are a hulking beast.
Your limbs bulge with bestial killing power. (Slay +2)
You cannot wear most types of armour.
You are amphibious.
You can wear up to eight rings at the same time.
Your skin changes colour to match your surroundings (Stealth+).
Your rubbery body absorbs attacks. (AC +1, EV +1)
((You are camouflaged when in or above water. (Stealth+)))
You have tentacles for arms and can constrict up to eight enemies at once.


Message History

You see here 19 gold pieces.
Health restored: 29
Okay, then.
Ijyb shouts!
Ijyb zaps a wand.
The bolt of acid hits you! The acid corrodes you!
You take 9 damage, and have 20/29 hp.
MASSIVE DAMAGE!!
You tentacle-slap Ijyb but do no damage.
You grab Ijyb. You constrict Ijyb, but do no damage. Ijyb barely misses you.
You tentacle-slap Ijyb.
Ijyb is lightly wounded.
You constrict Ijyb, but do no damage. Ijyb misses you.
You tentacle-slap Ijyb.
Ijyb is lightly wounded.
You constrict Ijyb. Ijyb hits you with a +0 dagger.
You take 2 damage, and have 19/29 hp.
You tentacle-slap Ijyb but do no damage.
You squeeze Ijyb.
Ijyb is moderately wounded.
You constrict Ijyb. Ijyb closely misses you.
You tentacle-slap Ijyb but do no damage.
Ijyb is moderately wounded.
You constrict Ijyb.
Ijyb zaps a wand.
The bolt of acid hits you!
Ouch! That really hurt!
* * * LOW HITPOINT WARNING * * *
The acid corrodes you!
You take 16 damage, and have 3/29 hp.
MASSIVE DAMAGE!!
That's the wrong kind of item! (Use * to select it.) Fire/throw/use which item? ([*] to toss any item) (? for menu, Esc to quit)
Okay, then.
Unknown command.
Throw: throwing net
Press: ? - help, Shift-Dir - straight line, f - Ijyb
Aim: Ijyb, wielding a +0 dagger, wearing a +0 ring mail and carrying a wand of acid (heavily wounded, constricted by you, 89% to hit)
You throw a throwing net. The throwing net barely misses Ijyb.
You constrict Ijyb, but do no damage. Ijyb misses you.
You tentacle-slap Ijyb. You squeeze Ijyb, but do no damage.
Ijyb is severely wounded.
You constrict Ijyb, but do no damage.
Ijyb zaps a wand.
The bolt of acid hits you!
You die...

...# #......# ...#
#......# ...#
###).....#
...###........#
....['........+
.....#........#
.....###......##
.....# ##..$...#+###
###..####.......hg(#
†.......#...♣......#
###.....#..♣.♣.....#
#<#.....+.♣._.♣....#
..#.#...#..♣.♣.....#
###.#...#...♣.[.....
..#...#... ........
.......###
#####..... #......#


You could see Ijyb.

Vanquished Creatures
  3 adders
  2 worms
  A dart slug (D:3)
  6 bats
  2 endoplasms (D:2)
  4 giant cockroaches
  4 goblins
  4 hobgoblins
  2 jackals (D:1)
  7 kobolds
  4 ball pythons
  4 frilled lizards
  5 rats
48 creatures vanquished.

Notes
Turn   | Place    | Note
-------+----------+-------------------------------------------
     0 | D:1      | Dirtsage the Octopode Shapeshifter began the quest for the
                  | Orb.
     0 | D:1      | Reached XP level 1. HP: 13/13 MP: 1/1
   162 | D:1      | Reached XP level 2. HP: 13/18 MP: 2/2
   799 | D:1      | Reached XP level 3. HP: 23/23 MP: 3/3
  1245 | D:2      | Reached skill level 4 in Unarmed Combat
  1264 | D:2      | Reached XP level 4. HP: 29/29 MP: 4/4
  1570 | D:3      | Noticed Cris's ghost (weakling DsCj)
  1627 | D:3      | Found a faded altar of an unknown god.
  1662 | D:3      | Noticed Ijyb
  1674 | D:3      | Killed from afar by Ijyb

Illustrated notes

Levels and vault maps discovered:
D:1:      spicycebolla_green_bress_n_ham, layout_loops_corners
D:2:      layout_loops_ring, minmay_pentomino_r2
D:3:      layout_basic, nicolae_ru_the_path_less_chosen, old_standard_altar,
          gammafunk_ghost_arena, chequers_ecumenical_altar_simple_redux,
          st_stairs_4, uniq_grinder, uniq_ijyb

Skill      XL: |  1  2  3 |
---------------+----------+-----
Fighting       | 2 |  2.1
Unarmed Combat | 4 |  4.2
Dodging        | |  2.0
Shapeshifting  | |  3.5

Action                     |  1- 3 |  4- 6 || total
---------------------------+-------+-------++-------
  Melee: Unarmed           |    63 |    28 ||    91
         Tentacles         |    16 |     4 ||    20
         Constrict         |    20 |     8 ||    28
         Punch             |     2 |       ||     2
  Throw: Throwing net      |       |     1 ||     1
   Stab: Sleeping          |     8 |     2 ||    10
 Armour: Skin              |    19 |    16 ||    35
  Dodge: Dodged            |    43 |    15 ||    58

Table legend: (Time is in decaauts)
 A = Elapsed time spent in this place.
 B = Non-inter-level travel time spent in this place.
 C = Inter-level travel time spent in this place.
 D = Time resting spent in this place.
 E = Time spent auto-exploring this place.
 F = Levels seen in this place.
 G = Mean time per level.
                   A        B        C        D        E       F      G
               +--------+--------+--------+--------+--------+-----+--------+
         Total |   1667 |   1625 |     42 |      0 |   1341 |   3 |  555.7 |
       Dungeon |   1667 |   1625 |     42 |      0 |   1341 |   3 |  555.7 |
               +--------+--------+--------+--------+--------+-----+--------+

Top non-repeatable levels by time:
     D:1: 873 daAuts
     D:2: 685 daAuts
     D:3: 108 daAuts
